 Dungeon Crawl Stone Soup version 0.27.1-4-g1640c2035a (webtiles) character file.

Game seed: 6187749059460949074

226 zeram the Grave Robber (level 6, -4/44 HPs)
             Began as a Gnoll Necromancer on Nov 13, 2021.
             Slain by a gnoll (12 damage)
             ... on level 4 of the Dungeon.
             The game lasted 00:06:51 (3956 turns).

zeram the Grave Robber (Gnoll Necromancer)          Turns: 3956, Time: 00:06:51

Health: -4/44      AC:  5    Str:  8    XL:     6   Next: 1%
Magic:  13/13      EV: 13    Int: 22    God:
Gold:   114        SH:  0    Dex: 12    Spells: 11/15 levels left

rFire    + . .     SeeInvis .   h - +2 short sword (drain)
rCold    . . .     Faith    .   (no shield)
rNeg     . . .     Spirit   .   a - +0 robe
rPois    .         Reflect  .   d - +0 helmet
rElec    .         Harm     .   c - +1 cloak
rCorr    .         Rampage  .   (no gloves)
Will     .....                  (no boots)
Stlth    +++.......             (no amulet)
HPRegen  0.14/turn              e - +6 ring of intelligence
MPRegen  0.13/turn              g - ring of protection from fire

@: no status effects
A: fangs 1, strong nose, distributed training
a: no special abilities


You were on level 4 of the Dungeon.
You visited 1 branch of the dungeon, and saw 4 of its levels.

You collected 135 gold pieces.
You spent 21 gold pieces at shops.

Inventory:

Hand Weapons
 b - a +0 club
 h - a +2 short sword of draining (weapon)
Armour
 a - a +0 robe (worn)
 c - a +1 cloak (worn)
 d - a +0 helmet (worn)
 k - a +0 buckler
 n - the +2 chain mail of Inference {rF+ rCorr Int+2}
   (You found it on level 4 of the Dungeon)

   Int:       It affects your intelligence (+2).
   rF:        It protects you from fire.
   rCorr:     It protects you from acid and corrosion.
Jewellery
 e - a +6 ring of intelligence (left hand)
 g - a ring of protection from fire (right hand)
Scrolls
 i - a scroll of fog
 m - a scroll of magic mapping {unknown}
Potions
 f - 3 potions of brilliance {unknown}
 j - a potion of heal wounds {unknown}
 l - a potion of might {unknown}


   Skills:
 + Level 1.7 Fighting
 + Level 1.7 Short Blades
 + Level 1.7 Long Blades
 + Level 1.7 Axes
 + Level 1.7 Maces & Flails
 + Level 1.7 Polearms
 + Level 1.7 Staves
 + Level 1.7 Slings
 + Level 1.7 Bows
 + Level 1.7 Crossbows
 + Level 1.7 Throwing
 + Level 1.7 Armour
 + Level 4.9 Dodging
 + Level 4.5 Stealth
 + Level 1.7 Shields
 + Level 1.7 Unarmed Combat
 + Level 5.3 Spellcasting
 + Level 1.3 Conjurations
 + Level 1.3 Hexes
 + Level 1.3 Summonings
 + Level 7.2 Necromancy
 + Level 1.3 Translocations
 + Level 1.3 Transmutations
 + Level 1.3 Fire Magic
 + Level 1.3 Ice Magic
 + Level 1.3 Air Magic
 + Level 1.3 Earth Magic
 + Level 1.3 Poison Magic
 + Level 2.0 Invocations
 + Level 1.7 Evocations


You had 11 spell levels left.
You knew the following spells:

 Your Spells              Type           Power      Damage    Failure   Level
a - Pain                  Necr           100%       1d9       1%          1
b - Vampiric Draining     Necr           18%        2d8       1%          3

Your spell library contained the following spells:

 Spells                   Type           Power      Damage    Failure   Level
 Animate Skeleton         Necr           74%        N/A       1%          1
 Corpse Rot               Necr/Air       N/A        N/A       2%          2
 Animate Dead             Necr           18%        N/A       4%          4
 Poisonous Vapours        Pois/Air       22%        N/A       9%          2
 Agony                    Necr           37%        N/A       14%         5
 Call Canine Familiar     Summ           11%        N/A       17%         3
 Portal Projectile        Hex/Tloc       22%        N/A       17%         3
 Leda's Liquefaction      Hex/Erth       5%         N/A       50%         4
 Freezing Cloud           Conj/Ice/Air   5%         6-21      83%         5


Dungeon Overview and Level Annotations

Branches:
Dungeon (4/15)
 Temple: D:4-7

Altars:
Fedhas

Shops:
D:2 *[*


Innate Abilities, Weirdness & Mutations

You have very sharp teeth.
Your uncanny sense of smell can sniff out nearby items.
Your experience applies equally to all skills.


Message History

You kill the ball python!
The gnoll shouts!
A gnoll comes into view. It is wielding a +0 halberd.
Your Invocations skill increases to level 2!
Found a scroll labelled ODWUUF YG BAER.
The kobold hits you with a +0 short sword.
You see here a ball python corpse.
You hit the kobold. Your bite misses the kobold.
The kobold is severely wounded.
The kobold hits you but does no damage.
You closely miss the kobold.
The kobold is severely wounded.
The kobold misses you. The gnoll barely misses you.
You hit the kobold.
You kill the kobold!
The gnoll closely misses you.
A gnoll comes into view. It is wielding a +0 spear.
You closely miss the gnoll.
The gnoll shouts!
The gnoll throws a throwing net.
The throwing net hits you.
You become entangled in the net!
The gnoll hits you with a +0 halberd.
You are held in a net!
Unknown command.
You struggle against the net.
The gnoll hits you with a +0 halberd.
You struggle against the net.
The gnoll hits you with a +0 club. The gnoll barely misses you.
The gnoll hits you from afar with a +0 halberd.
You rip the net and break free!
The gnoll hits you with a +0 club. The gnoll closely misses you. x2
Okay, then.
Okay, then.
The gnoll hits you from afar with a +0 halberd!
* * * LOW HITPOINT WARNING * * *
You see here a ball python corpse.
The gnoll completely misses you.
A necrophage comes into view.
The gnoll misses you.
You see here a scroll labelled ODWUUF YG BAER.
The gnoll hits you from afar with a +0 halberd!
You die...

........# #.##
#######.######..#####
#.......g.†#..## ∆ g
###>.....#.)...# .##
#.#####g.###n# ... ##.#
##g..# #..
#####..###gg#.# #..###
##.....###.?##..#
#...###..#####.@.####...
#..#.<.## #...### ##..
##.....## #.## ..#
##....#..# # .#
...#.###.... . ####.#
###..) #.# #.. #.. # ###


You could see 4 gnolls.

Vanquished Creatures
  A water moccasin skeleton (D:4)
  An orc priest (D:4)
  An orc wizard (D:2)
  3 adders
  An adder skeleton (D:4)
  A worm (D:2)
  4 dart slugs (D:1)
  4 orcs
  5 bats
  4 endoplasms
  2 giant cockroaches
  7 goblins
  7 hobgoblins
  5 jackals
  2 quokkas
  6 ball pythons
  6 frilled lizards
  9 kobolds
  5 rats
74 creatures vanquished.

Vanquished Creatures (others)
  An orc wizard (D:4)
  2 plants (D:1)
3 creatures vanquished.

Grand Total: 77 creatures vanquished

Notes
Turn   | Place    | Note
-------+----------+-------------------------------------------
     0 | D:1      | zeram the Gnoll Necromancer began the quest for the Orb.
     0 | D:1      | Reached XP level 1. HP: 13/13 MP: 6/6
   163 | D:1      | Reached XP level 2. HP: 12/19 MP: 1/7
   775 | D:1      | Reached XP level 3. HP: 25/25 MP: 9/9
   784 | D:1      | Reached skill level 5 in Spellcasting
  1050 | D:1      | Learned a level 3 spell: Vampiric Draining
  1301 | D:1      | Reached skill level 1 in Invocations
  1602 | D:1      | Found a faded altar of an unknown god.
  1676 | D:2      | Found Domuupse's Assorted Antiques.
  1687 | D:2      | Bought a scroll labelled WEWKOF HURI for 21 gold pieces
  1788 | D:2      | Reached skill level 1 in Fighting
  1788 | D:2      | Reached skill level 1 in Short Blades
  1788 | D:2      | Reached skill level 1 in Long Blades
  1788 | D:2      | Reached skill level 1 in Axes
  1788 | D:2      | Reached skill level 1 in Maces & Flails
  1788 | D:2      | Reached skill level 1 in Polearms
  1788 | D:2      | Reached skill level 1 in Staves
  1788 | D:2      | Reached skill level 1 in Slings
  1788 | D:2      | Reached skill level 1 in Bows
  1788 | D:2      | Reached skill level 1 in Crossbows
  1788 | D:2      | Reached skill level 1 in Throwing
  1788 | D:2      | Reached skill level 1 in Armour
  1788 | D:2      | Reached skill level 1 in Shields
  1788 | D:2      | Reached skill level 1 in Unarmed Combat
  1788 | D:2      | Reached skill level 1 in Evocations
  1812 | D:2      | Found Wal Sawk's Armour Boutique.
  1841 | D:2      | Reached XP level 4. HP: 28/32 MP: 11/11
  2310 | D:2      | Found a blossoming altar of Fedhas.
  2385 | D:2      | Found Nirhunat's Assorted Antiques.
  2740 | D:3      | Reached skill level 1 in Conjurations
  2740 | D:3      | Reached skill level 1 in Hexes
  2740 | D:3      | Reached skill level 1 in Summonings
  2740 | D:3      | Reached skill level 1 in Translocations
  2740 | D:3      | Reached skill level 1 in Transmutations
  2740 | D:3      | Reached skill level 1 in Fire Magic
  2740 | D:3      | Reached skill level 1 in Ice Magic
  2740 | D:3      | Reached skill level 1 in Air Magic
  2740 | D:3      | Reached skill level 1 in Earth Magic
  2740 | D:3      | Reached skill level 1 in Poison Magic
  2992 | D:2      | Reached XP level 5. HP: 8/37 MP: 12/12
  3908 | D:4      | Reached XP level 6. HP: 44/44 MP: 13/13
  3935 | D:4      | Identified the +2 chain mail of Inference {rF+ rCorr Int+2}
  3950 | D:4      | Noticed a necrophage
  3956 | D:4      | Slain by a gnoll

Illustrated notes

Levels and vault maps discovered:
D:1:      eino_arrival_druids_welcome, layout_basic,
          hellmonk_ecumenical_altar_inner_sanctum, st_stairs_4
D:2:      layout_rooms, serial_shops, nicolae_shop_crystal, shop, shop_statue,
          basic_altar, minmay_goblin_kobold_house
D:3:      layout_loops_cross
D:4:      layout_rooms, temple_hall

Skill      XL: |  1  2  3  4  5  6 |
---------------+-------------------+-----
Spellcasting   | 5 |  5.3
Invocations    | 1 2 |  2.0
Fighting       | 1 |  1.7
Short Blades   | 1 |  1.7
Long Blades    | 1 |  1.7
Axes           | 1 |  1.7
Maces & Flails | 1 |  1.7
Polearms       | 1 |  1.7
Staves         | 1 |  1.7
Slings         | 1 |  1.7
Bows           | 1 |  1.7
Crossbows      | 1 |  1.7
Throwing       | 1 |  1.7
Armour         | 1 |  1.7
Shields        | 1 |  1.7
Unarmed Combat | 1 |  1.7
Evocations     | 1 |  1.7
Conjurations   | 1 |  1.3
Hexes          | 1 |  1.3
Summonings     | 1 |  1.3
Translocations | 1 |  1.3
Transmutations | 1 |  1.3
Fire Magic     | 1 |  1.3
Ice Magic      | 1 |  1.3
Air Magic      | 1 |  1.3
Earth Magic    | 1 |  1.3
Poison Magic   | 1 |  1.3
Dodging        | |  4.9
Stealth        | |  4.5
Necromancy     | |  7.2

Action                   |  1- 3 |  4- 6 || total
-------------------------+-------+-------++-------
Melee: Club              |    39 |       ||    39
       Short sword       |    16 |   121 ||   137
       Bite              |     6 |     5 ||    11
       Punch             |       |     1 ||     1
 Cast: Pain              |    40 |       ||    40
       Vampiric Draining |     2 |       ||     2
  Use: Scroll            |     3 |     1 ||     4
 Stab: Sleeping          |     2 |     5 ||     7
Armor: Robe              |    26 |    42 ||    68
Dodge: Dodged            |    67 |    80 ||   147
